 Dungeon Crawl Stone Soup version 0.30-a0-1112-gfb780f5df6 (webtiles) character file.

Game seed: 5479807898965133241

21536 BlueFish the Covert (level 12, -5/80 HPs)
             Began as an Octopode Warper on Apr 19, 2023.
             Was the Champion of Jiyva.
             Slain by a blink frog (13 damage)
             ... on level 3 of the Lair of Beasts.
             The game lasted 00:47:47 (14618 turns).

BlueFish the Covert (Octopode Warper)              Turns: 14618, Time: 00:47:47

Health: -5/80      AC:  1    Str: 21    XL:     12   Next: 91%
Magic:  23/27      EV: 14    Int: 18    God:    Jiyva [******]
Gold:   331        SH:  0    Dex:  9    Spells: 12/23 levels left

rFire   + . .      SeeInvis .    a - +3 mace (protect)
rCold   . . .      Faith    +    (no shield)
rNeg    + . .      Spirit   .    (helmet restricted)
rPois   .          Reflect  .    y
                                   - Hermit's Pendant {Faith Invo=14 Evo=0 MP+5}
rElec   .          Rampage  .    H - ring of positive energy
rCorr   +          Clarity  +    (no ring)
Will    +....                    (no ring)
Stlth   ++++++                   (no ring)
HPRegen 1.93/turn                (no ring)
MPRegen 0.70/turn                (no ring)
                                 (no ring)
                                 (no ring)

@: slimy
A: almost no armour, amphibious, 8 rings, camouflage 1, gelatinous body 1,
(nimble swimmer 1), tentacles, antennae 1, tentacle spike 2, clarity, clever 1,
fire resistance 1, strong-willed 1, strong 2, pseudopods 1
a: Renounce Religion, Oozemancy, Slimify


You were on level 3 of the Lair of Beasts.
You worshipped Jiyva.
Jiyva was exalted by your worship.
You visited 3 branches of the dungeon, and saw 16 of its levels.
You also visited: Sewer and Volcano.

You collected 669 gold pieces.
You spent 338 gold pieces at shops.

Inventory:

Hand Weapons
 a - a +3 mace of protection (weapon)
 b - a +0 sling
 n - a +0 mace
 D - a +3 whip of electrocution
Missiles
 c - 7 boomerangs of dispersal
 d - 112 stones (quivered)
 g - 17 poisoned darts
 t - 3 silver boomerangs
Armour
 o - a +0 buckler
 r - a +0 kite shield
Jewellery
 y - the Hermit's Pendant (around mantle) {Faith Invo=14 Evo=0 MP+5}
   (You found it on level 4 of the Dungeon)

   [amulet of faith]

   Invo=14: It sets your Invocations skill to 14.
   Evo=0: It sets your Evocations skill to 0.
   It allows you to gain divine favour quickly.
   MP:        It affects your magic capacity (+5).
 H - a ring of positive energy (left tentacle)
Wands
 h - a wand of polymorph (3)
 s - a wand of iceblast (27)
Scrolls
 f - a scroll of butterflies {unknown}
 j - 3 scrolls of teleportation
 m - 4 scrolls of enchant weapon
 p - 2 scrolls of vulnerability
 q - a scroll of fog {unknown}
 v - 2 scrolls of poison {unknown}
 w - a scroll of magic mapping
 x - 2 scrolls of blinking
 z - a scroll of noise {unknown}
 A - a scroll of amnesia
 B - a scroll of enchant armour {unknown}
 G - a scroll of fear {unknown}
Potions
 e - a potion of brilliance {unknown}
 i - a potion of resistance
 k - 2 potions of haste
 l - 3 potions of curing
 u - a potion of ambrosia {unknown}
 C - a potion of invisibility {unknown}
 E - a potion of lignification {unknown}
 F - a potion of attraction {unknown}
 I - a potion of flight {unknown}
 J - a potion of might


   Skills:
 + Level 6.7 Fighting
 + Level 6.7 Maces & Flails
 + Level 6.3 Throwing
 + Level 6.7 Dodging
 * Level 12.6 Stealth
 * Level 8.9 Shields
 + Level 4.1 Unarmed Combat
 + Level 6.1 Spellcasting
 + Level 7.0 Translocations
 + Level 6.0(0.0) Evocations


You had 12 spell levels left.
You knew the following spells:

 Your Spells              Type           Power      Damage    Failure   Level
a - Blink                 Tloc           60%        N/A       1%          2
b - Lesser Beckoning      Tloc           60%        N/A       1%          2
c - Teleport Other        Tloc           30%        N/A       1%          3
d - Manifold Assault      Tloc           30%        N/A       7%          4

Your spell library contained the following spells:

 Spells                   Type           Power      Damage    Failure   Level
 Apportation              Tloc           60%        N/A       1%          1
 Vhi's Electric Charge    Tloc/Air       36%        N/A       9%          3
 Alistair's Intoxication  Tmut/Pois      3%         N/A       97%         5


Dungeon Overview and Level Annotations

Branches:
Dungeon (12/15)            Temple (1/1) D:5            Lair (3/5) D:11
  Swamp (0/4) Lair:2       Spider (0/4) Lair:3          Orc (0/2) D:10
  Sewer (visited)         Volcano (visited)

Altars:
Ashenzari
Cheibriados
Dithmenos
Elyvilon
Fedhas
Gozag
Hepliaklqana
Kikubaaqudgha
Makhleb
Nemelex Xobeh
Okawaru
Qazlal
Ru
Sif Muna
Trog
Uskayaw
Vehumet
Wu Jian
Xom
Yredelemnul
Zin
The Shining One

Shops:
D:2 (   D:9 (?([

Annotations:
D:6 1 runed translucent door, BlueFalcon's ghost, novice DsGl
D:10 Snorg
D:12 exclusion: deep elf pyromancer


Innate Abilities, Weirdness & Mutations

You cannot wear most types of armour.
You are amphibious.
You can wear up to eight rings at the same time.
Your skin changes colour to match your surroundings (Stealth+).
Your rubbery body absorbs attacks. (AC +1, EV +1)
((You are camouflaged when in or above water. (Stealth+)))
You have tentacles for arms and can constrict up to eight enemies at once.
You have a pair of small antennae on your head.
One of your tentacles bears a nasty spike.
You possess an exceptional clarity of mind.
Your mind is acute. (Int +4, Str/Dex -1)
Your flesh is heat resistant. (rF+)
You are strong-willed. (Will+)
Your muscles are very strong. (Str +8, Int/Dex -2)
Armour fits poorly on your pseudopods.


Message History

The blink frog blinks! x2
The blink frog blinks! x2; The blink frog barely misses you.
You thump the blink frog!
Your weapon exudes an aura of protection.
Your grab misses the blink frog. Your bludgeon misses the blink frog.
The blink frog is almost dead.
The blink frog hits you!
The blink frog blinks!
The blink frog blinks!
The blink frog hits you!!
You shudder from the blow and a jelly pops out!
The blink frog blinks!
You hit the blink frog.
Your weapon exudes an aura of protection.
Your grab misses the blink frog. Your squeeze misses the blink frog.
The blink frog is almost dead.
The blink frog blinks!
The blink frog hits your acid blob!
The blink frog is burned by acid!
The blink frog blinks!
The blink frog hits your acid blob.
The blink frog is burned by acid!
The blink frog hits your acid blob!
The blink frog is burned by acid!
The blink frog blinks!
The blink frog hits your acid blob.
The blink frog is burned by acid!
The blink frog hits your acid blob!
The blink frog is burned by acid!
The blink frog blinks!
You hear a distant slurping noise.
The blink frog blinks!
The blink frog hits you!
* * * LOW HITPOINT WARNING * * *
You barely miss the blink frog. Your grab misses the blink frog.
Your tentacle spike misses the blink frog.
Your bludgeon misses the blink frog. Your squeeze misses the blink frog.
The blink frog is lightly wounded.
The blink frog hits you!
* * * LOW HITPOINT WARNING * * *
The blink frog blinks!
Okay, then.
A thick mucus forms on your +3 mace of protection.
The blink frog hits you.
* * * LOW HITPOINT WARNING * * *
Your acid blob closely misses the blink frog.
The blink frog hits you!
You die...

*...,*#....#
*#F#**##..## #F##
##.# #..# #P.#
#.## ##.# #§P##
#..## #..P# ##..#
##.### #P.## #
#J@# #P.# # #.F##
##.####* ## #..P#
#.P##.####. ##.##
##...##..##. #.#
###...........
#.###P.#.#..#.#...
#...............>>
##.###P.#...###.#.
### ###.#### ####


You could see 3 blink frogs and a friendly acid blob (summoned).

Vanquished Creatures
  Fannar (Lair:2)
  A hell hog (Volcano)
  A fire crab (Volcano)
  3 centaur zombies (D:12)
  A black mamba (Lair:2)
  A cane toad (Lair:2)
  2 gargoyles
  A komodo dragon (Lair:2)
  A troll (D:11)
  A tarantella (Lair:3)
  7 dream sheep
  A blink frog (Lair:3)
  24 yaks
  A jumping spider (Lair:3)
  4 basilisks
  7 fire bats (Volcano)
  2 steam dragons
  2 acid dragons
  6 water moccasins
  A swamp drake (D:10)
  3 hell hounds
  3 black bears (D:4)
  3 orc warriors
  An ice beast (D:7)
  6 wolves (Lair:1)
  3 centaurs
  3 ogres
  A kobold brigand (D:7)
  10 bullfrogs
  A scorpion (D:5)
  2 gnoll sergeants
  A wight (D:9)
  12 killer bees
  5 howler monkeys
  3 lava snakes (Volcano)
  5 orc priests
  A gnoll bouda (D:5)
  A hound (D:5)
  A jelly (Sewer)
  2 iguanas (Lair:2)
  A sleepcap (D:4)
  7 orc wizards
  9 adders
  9 gnolls
  2 white imps
  An ufetubus (D:4)
  4 worms
  2 dart slugs
  35 orcs
  23 endoplasms
  9 giant cockroaches
  7 goblins
  7 hobgoblins
  3 jackals (D:1)
  5 quokkas
  7 ball pythons
  9 bats
  6 frilled lizards
  4 kobolds
  9 rats
294 creatures vanquished.

Vanquished Creatures (collateral kills)
  2 boulder beetles (D:11)
  A pharaoh ant (Lair:3)
  A will-o-the-wisp (Lair:2)
  A molten gargoyle (Volcano)
  A cane toad (Lair:2)
  A rime drake (Lair:1)
  2 komodo dragons (Lair:2)
  A troll (D:10)
  A shadow (D:11)
  A vampire (D:10)
  A wyvern (Lair:1)
  A basilisk (Lair:2)
  2 wargs (D:11)
  A bullfrog (Lair:3)
  A killer bee (D:11)
  An orc priest (D:10)
  An iguana (Lair:2)
  3 orc wizards
  An orc (D:11)
24 creatures vanquished.

Vanquished Creatures (others)
  A boulder beetle (D:11)
  Psyche (D:8)
  Grinder (D:6)
  A slime creature (D:12)
  A yak (D:8)
  A warg (D:11)
  An orc warrior (D:10)
  3 bullfrogs
  3 killer bees (D:9)
  A howler monkey (D:9)
  59 jellies
  An orc priest (D:8)
  A hound (D:7)
  An iguana (D:6)
  2 orc wizards
  An adder (D:6)
  3 gnolls (D:10)
  A white imp (D:8)
  19 orcs
  A frilled lizard (D:8)
  6 foxfires (Lair:2)
  36 fungi
  47 plants
192 creatures vanquished.

Grand Total: 510 creatures vanquished

Notes
Turn   | Place    | Note
-------+----------+-------------------------------------------
     0 | D:1      | BlueFish the Octopode Warper began the quest for the Orb.
     0 | D:1      | Reached XP level 1. HP: 14/14 MP: 3/3
   132 | D:1      | Reached skill level 1 in Stealth
   132 | D:1      | Reached XP level 2. HP: 12/19 MP: 5/5
   207 | D:1      | Learned a level 2 spell: Blink
   210 | D:1      | Learned a level 2 spell: Lesser Beckoning
   395 | D:1      | Reached skill level 2 in Stealth
   400 | D:1      | Reached XP level 3. HP: 17/24 MP: 6/6
  1172 | D:2      | Reached XP level 4. HP: 24/29 MP: 7/7
  1226 | D:2      | Found a faded altar of an unknown god.
  1230 | D:2      | Found Omaqil's Weapon Shoppe.
  1671 | D:3      | Learned a level 3 spell: Teleport Other
  1921 | D:3      | Reached skill level 3 in Stealth
  2088 | D:3      | Reached skill level 1 in Shields
  2088 | D:3      | Reached XP level 5. HP: 11/35 MP: 5/8
  2281 | D:4      | Noticed a black bear
  2281 | D:4      | Noticed a black bear
  2340 | D:5      | Entered Level 5 of the Dungeon
  2561 | D:4      | Noticed a black bear
  2836 | D:4      | Killed a black bear
  2837 | D:4      | Reached skill level 4 in Stealth
  2837 | D:4      | Reached XP level 6. HP: 32/41 MP: 2/9
  3020 | D:4      | Found a faded altar of an unknown god.
  3020 | D:4      | Found the Hermit's Pendant {Faith Invo=14 Evo=0 MP+5}
  3214 | D:4      | Reached XP level 7. HP: 11/46 MP: 9/11
  3633 | D:4      | Reached skill level 5 in Stealth
  4106 | D:5      | Found a staircase to the Ecumenical Temple.
  4121 | Temple   | Entered the Ecumenical Temple
  4695 | D:5      | Reached XP level 8. HP: 34/52 MP: 9/12
  4882 | D:5      | Found a snail-covered altar of Cheibriados.
  5242 | D:5      | Found a blossoming altar of Fedhas.
  5453 | D:5      | Reached skill level 6 in Stealth
  5722 | D:6      | Found a glowing drain.
  5735 | Sewer    | Entered a sewer
  5923 | Sewer    | Found a viscous altar of Jiyva.
  5953 | Sewer    | Became a worshipper of Jiyva Jotace the Shapeless
  5969 | Sewer    | Gained mutation: You are agile. (Dex +4, Str/Int -1)
                  | [potion of mutation]
  5970 | Sewer    | Lost mutation: You are agile. (Dex +4, Str/Int -1) [potion
                  | of mutation]
  5970 | Sewer    | Gained mutation: You are weak. (Str -2) [potion of
                  | mutation]
  5970 | Sewer    | Gained mutation: Your mind is acute. (Int +4, Str/Dex -1)
                  | [potion of mutation]
  5970 | Sewer    | Gained mutation: One of your tentacles bears a spike.
                  | [potion of mutation]
  5970 | Sewer    | Gained mutation: Your spells are a little harder to cast,
                  | but a little more powerful. [potion of mutation]
  6241 | D:6      | Found a runed translucent door.
  6241 | D:6      | Noticed BlueFalcon's ghost (novice DsGl)
  6259 | D:6      | Noticed Grinder
  6443 | D:6      | Killed Grinder
  6799 | D:7      | Reached * piety under Jiyva
  6815 | D:6      | Reached skill level 1 in Evocations
  6907 | D:7      | Reached skill level 7 in Stealth
  6925 | D:7      | Reached XP level 9. HP: 47/58 MP: 19/19
  7143 | D:7      | Learned a level 4 spell: Manifold Assault
  7232 | D:7      | Reached ** piety under Jiyva
  7555 | D:2      | Bought a +3 mace of protection for 206 gold pieces
  7801 | D:8      | Reached skill level 5 in Shields
  7811 | D:8      | Reached skill level 8 in Stealth
  7822 | D:8      | Reached skill level 5 in Translocations
  8155 | D:8      | Reached XP level 10. HP: 41/65 MP: 20/20
  8254 | D:8      | Reached *** piety under Jiyva
  8284 | D:8      | Noticed Psyche
  8292 | D:8      | Reached skill level 9 in Stealth
  8391 | D:8      | Killed Psyche
  8437 | D:8      | Lost mutation: You are weak. (Str -2) [Jiyva's grace]
  8437 | D:8      | Lost mutation: Your spells are a little harder to cast, but
                  | a little more powerful. [Jiyva's grace]
  8437 | D:8      | Gained mutation: One of your tentacles bears a nasty spike.
                  | [Jiyva's grace]
  8437 | D:8      | Gained mutation: One of your tentacles bears a large
                  | vicious spike. [Jiyva's grace]
  8437 | D:8      | Gained mutation: Your muscles are strong. (Str +4, Int/Dex
                  | -1) [Jiyva's grace]
  8437 | D:8      | Gained mutation: Your muscles are very strong. (Str +8,
                  | Int/Dex -2) [Jiyva's grace]
  8727 | D:9      | Reached **** piety under Jiyva
  8967 | D:9      | Found Iqirr's Magic Scroll Shop.
  8969 | D:9      | Found Bybinwur's Armour Shop.
  8971 | D:9      | Found Aczom's Antique Weapon Shop.
  8972 | D:9      | Found Zuguyfec's Weapon Shop.
  8975 | D:9      | Bought a scroll of teleportation for 33 gold pieces
  8975 | D:9      | Bought a scroll of teleportation for 33 gold pieces
  8975 | D:9      | Bought a scroll of teleportation for 33 gold pieces
  8975 | D:9      | Bought a scroll of teleportation for 33 gold pieces
  9054 | D:9      | Reached skill level 5 in Fighting
  9522 | D:10     | Entered Level 10 of the Dungeon
  9522 | D:10     | Reached ***** piety under Jiyva
  9566 | D:10     | Reached skill level 5 in Dodging
  9639 | D:10     | Gained mutation: Armour fits poorly on your pseudopods.
                  | [Jiyva's grace]
  9639 | D:10     | Gained mutation: Armour fits poorly on your large
                  | pseudopods. [Jiyva's grace]
  9639 | D:10     | Gained mutation: Armour fits poorly on your massive
                  | pseudopods. [Jiyva's grace]
  9639 | D:10     | Gained mutation: You have a pair of small antennae on your
                  | head. [Jiyva's grace]
  9690 | D:10     | Reached skill level 5 in Maces & Flails
 10091 | D:10     | Noticed Snorg
 10117 | D:10     | Reached skill level 1 in Unarmed Combat
 10341 | D:10     | Found a staircase to the Orcish Mines.
 10356 | D:10     | Reached skill level 10 in Stealth
 10683 | D:11     | Found a staircase to the Lair.
 10698 | D:11     | Reached skill level 5 in Spellcasting
 10704 | D:11     | Reached XP level 11. HP: 46/72 MP: 21/21
 10751 | D:11     | Found a radiant altar of Vehumet.
 10812 | D:11     | Noticed a boulder beetle
 10845 | D:11     | Killed a boulder beetle
 10846 | D:11     | Reached skill level 5 in Throwing
 10934 | D:11     | Noticed a boulder beetle
 10945 | D:11     | Killed a boulder beetle
 11065 | D:11     | Noticed a boulder beetle
 11089 | D:11     | Killed a boulder beetle
 11553 | D:12     | Noticed a deep elf pyromancer
 11591 | Lair:1   | Entered Level 1 of the Lair of Beasts
 11598 | Lair:1   | Reached ****** piety under Jiyva
 11616 | Lair:1   | Reached skill level 11 in Stealth
 12194 | Lair:1   | Lost mutation: Your muscles are very strong. (Str +8,
                  | Int/Dex -2) [Jiyva's grace]
 12194 | Lair:1   | Lost mutation: Armour fits poorly on your massive
                  | pseudopods. [Jiyva's grace]
 12194 | Lair:1   | Lost mutation: Armour fits poorly on your large pseudopods.
                  | [Jiyva's grace]
 12194 | Lair:1   | Gained mutation: You are strong-willed. (Will+) [Jiyva's
                  | grace]
 12194 | Lair:1   | Gained mutation: You are highly strong-willed. (Will++)
                  | [Jiyva's grace]
 12194 | Lair:1   | Gained mutation: You are extremely strong-willed. (Will+++)
                  | [Jiyva's grace]
 12194 | Lair:1   | Gained mutation: Your muscles are very strong. (Str +8,
                  | Int/Dex -2) [Jiyva's grace]
 12555 | Lair:2   | Reached skill level 5 in Evocations
 12721 | Lair:2   | Reached XP level 12. HP: 79/79 MP: 22/22
 12805 | Lair:2   | Found a staircase to the Swamp.
 12805 | Lair:2   | Noticed Fannar
 13602 | Lair:2   | Lost mutation: One of your tentacles bears a large vicious
                  | spike. [Jiyva's grace]
 13602 | Lair:2   | Lost mutation: You are extremely strong-willed. (Will+++)
                  | [Jiyva's grace]
 13602 | Lair:2   | Lost mutation: You are highly strong-willed. (Will++)
                  | [Jiyva's grace]
 13602 | Lair:2   | Lost mutation: Your muscles are very strong. (Str +8,
                  | Int/Dex -2) [Jiyva's grace]
 13602 | Lair:2   | Lost mutation: Your muscles are strong. (Str +4, Int/Dex
                  | -1) [Jiyva's grace]
 13602 | Lair:2   | Gained mutation: You possess an exceptional clarity of
                  | mind. [Jiyva's grace]
 13602 | Lair:2   | Gained mutation: Your muscles are strong. (Str +4, Int/Dex
                  | -1) [Jiyva's grace]
 13602 | Lair:2   | Gained mutation: Your muscles are very strong. (Str +8,
                  | Int/Dex -2) [Jiyva's grace]
 13602 | Lair:2   | Gained mutation: Your flesh is heat resistant. (rF+)
                  | [Jiyva's grace]
 13737 | Lair:2   | Killed Fannar
 13836 | Lair:3   | Reached skill level 12 in Stealth
 13901 | Lair:3   | Found a hole to the Spider Nest.
 14099 | Lair:3   | Found a dark tunnel.
 14114 | Volcano  | Entered a volcano
 14312 | Volcano  | Found a burning altar of Makhleb.
 14312 | Volcano  | Noticed a hell hog
 14331 | Volcano  | Killed a hell hog
 14618 | Lair:3   | Slain by a blink frog

Illustrated notes

Levels and vault maps discovered:
D:1:      dpeg_arrival_erosion, layout_basic
D:2:      layout_basic, serial_shops, nicolae_shop_tiny_waterfront,
          hellmonk_ecumenical_altar_leap_of_faith, minmay_large_rounded_square,
          kennysheep_nub
D:3:      layout_basic
D:4:      layout_rooms, hellmonk_guarded_unrand_hermit
D:5:      layout_basic, cheibriados_altar_2, mainiacjoe_overflow_catwalk,
          minmay_temple_entry_glass
D:6:      layout_rooms, gup_sewer_entry_bubbles, ebering_ghost_inner_flame,
          uniq_grinder
D:7:      layout_basic
D:8:      layout_loops_ring, uniq_psyche
D:9:      layout_stronghold, minmay_shop_grid_forest
D:10:     layout_irregular_city, erik_orc_1, uniq_snorg
D:11:     layout_roguey, erik_lair_orcish_takeover, nicolae_vehumet_altar_sigil
D:12:     layout_loops_ring, serial_undead, serial_undead_d, serial_undead_d,
          serial_undead_f, serial_undead_f, serial_undead_e, serial_shops, shop,
          nicolae_ashenzari_panopticon, uniq_azrael
Temple:   mainiacjoe_temple_big_plus
Lair:1:   layout_regular_city, grunt_megastairs_2
Lair:2:   beast_lair_carwin_large_1, layout_layer_cave,
          minmay_swamp_entry_wisps, uniq_fannar
Lair:3:   layout_loops_ring, nicolae_spider_entry_lesser_pyramids,
          enter_volcano_3

Skill      XL: |  1  2  3  4  5  6  7  8  9 10 11 12 |
---------------+-------------------------------------+-----
Stealth        | 1 2 3 4 5 7 8 10 11 12 | 12.6
Shields        | 1 2 3 4 5 6 7 8 |  8.9
Dodging        | 3 4 5 6 |  6.7
Fighting       | 3 4 5 6 |  6.7
Maces & Flails | 3 4 5 6 |  6.7
Throwing       | 2 3 4 5 6 |  6.3
Translocations | 4 5 6 7 |  7.0
Spellcasting   | 3 4 5 6 |  6.1
Evocations     | 1 2 4 5 6 |  6.0
Unarmed Combat | 1 3 4 |  4.1

Action                     |  1- 3 |  4- 6 |  7- 9 | 10-12 || total
---------------------------+-------+-------+-------+-------++-------
  Melee: Mace              |    80 |       |    77 |   526 ||   683
         Constrict         |    26 |    14 |    41 |    68 ||   149
         Tentacles         |    11 |    18 |    67 |   133 ||   229
         Whip              |    12 |    92 |   159 |       ||   263
         Punch             |     1 |       |     5 |    16 ||    22
         Kick              |       |       |    56 |   206 ||   262
         Pseudopods        |       |       |       |   119 ||   119
   Fire: Sling             |       |       |   134 |   114 ||   248
  Throw: Dart              |       |     9 |    10 |     1 ||    20
         Stone             |       |     5 |       |       ||     5
   Cast: Lesser Beckoning  |       |     3 |     6 |    24 ||    33
         Teleport Other    |       |     4 |       |     4 ||     8
         Blink             |       |       |     4 |     6 ||    10
 Invoke: Slimify           |       |       |       |     2 ||     2
  Evoke: Wand              |       |       |     1 |       ||     1
    Use: Scroll            |       |     1 |    11 |     6 ||    18
         Potion            |       |       |     5 |     2 ||     7
   Stab: Sleeping          |     7 |    10 |     2 |     5 ||    24
         Distracted        |       |       |       |     2 ||     2
 Armour: Skin              |    12 |     3 |    14 |   106 ||   135
  Dodge: Dodged            |    80 |    43 |    96 |   429 ||   648
  Block: Buckler           |     2 |    16 |    42 |     6 ||    66

Table legend: (Time is in decaauts)
 A = Elapsed time spent in this place.
 B = Non-inter-level travel time spent in this place.
 C = Inter-level travel time spent in this place.
 D = Time resting spent in this place.
 E = Time spent auto-exploring this place.
 F = Levels seen in this place.
 G = Mean time per level.
                   A        B        C        D        E       F      G
               +--------+--------+--------+--------+--------+-----+--------+
         Total |  14705 |  13630 |   1075 |    162 |   9800 |  18 |  816.9 |
       Dungeon |  10940 |  10025 |    915 |    127 |   7339 |  12 |  911.7 |
        Temple |    416 |    390 |     26 |      0 |    386 |   1 |  416.0 |
          Lair |   2610 |   2476 |    134 |      0 |   1896 |   3 |  870.0 |
         Sewer |    307 |    307 |      0 |      0 |    159 |   1 |  307.0 |
       Volcano |    430 |    430 |      0 |     35 |     20 |   1 |  430.0 |
               +--------+--------+--------+--------+--------+-----+--------+

Top non-repeatable levels by time:
  Lair:2: 1457 daAuts
     D:5: 1340 daAuts
     D:4: 1265 daAuts
     D:3: 1108 daAuts
     D:6: 1016 daAuts
     D:9: 1012 daAuts
    D:10: 971 daAuts
    D:11: 960 daAuts
     D:8: 902 daAuts
  Lair:1: 796 daAuts
     D:1: 793 daAuts
     D:2: 774 daAuts
     D:7: 725 daAuts
 Volcano: 430 daAuts
  Temple: 416 daAuts
